 Dungeon Crawl Stone Soup version 0.32-a0-450-g080537f31e (webtiles) character file.

Game seed: 1614899466488146681

46 Dittersdorf the Shield-Bearer (level 3, 0/24 HPs)
             Began as a Gargoyle Fighter on Feb 23, 2024.
             Frozen to death by an endoplasm (2 damage)
             ... on level 2 of the Dungeon.
             The game lasted 00:01:34 (1023 turns).

Dittersdorf the Shield-Bearer (Gargoyle Fighter)    Turns: 1023, Time: 00:01:35

Health: 0/24       AC: 10    Str: 21    XL:     3   Next: 66%
Magic:  3/3        EV:  9    Int:  8    God:
Gold:   21         SH:  4    Dex:  9    Spells: 2/2 levels left

rFire   . . .        a - +0 flail
rCold   . . .        c - +0 buckler
rNeg    + . .        b - +0 scale mail
rPois   ∞            (no helmet)
rElec   +            (no cloak)
rCorr   .            (no gloves)
SInv    .            (no boots)
Will    .....        (no amulet) Stlth
                     i - ring of flight
HPRegen 0.24/turn    (no ring)
MPRegen 0.08/turn

%: no passive effects
@: flying
A: sickness immunity, AC +3, negative energy resistance 1, electricity
resistance, torment resistance 1, petrification resistance
a: no special abilities


You were on level 2 of the Dungeon.
You visited 1 branch of the dungeon, and saw 2 of its levels.

You collected 21 gold pieces.

Inventory:

Hand Weapons
 a - a +0 flail (weapon)
Armour
 b - a +0 scale mail (worn)
 c - a +0 buckler (worn)
Jewellery
 i - a ring of flight (left hand)
Scrolls
 e - a scroll of enchant weapon {unknown}
 f - a scroll of teleportation {unknown}
 j - a scroll of fear
Potions
 d - 2 potions of might
 g - a potion of curing


   Skills:
 + Level 3.7 Fighting
 + Level 2.5 Maces & Flails
 + Level 3.7 Armour
 + Level 3.8 Shields


You had 2 spell levels left.
You didn't know any spells.
Your spell library was empty.

Dungeon Overview and Level Annotations

Branches:
Dungeon (2/15)

Altars:


Innate Abilities, Weirdness & Mutations

You are immune to sickness and miasma.
Your stone body is resilient. (AC +3)
You are immune to poison.
You resist negative energy. (rN+)
You are resistant to electric shocks. (rElec)
You are resistant to unholy torment.
You are immune to petrification.


Message History

You are too injured to fight recklessly!
You are too injured to fight recklessly!
You barely miss the goblin. The adder bites you but does no damage.
You block the goblin's attack. The goblin closely misses you.
You barely miss the goblin. The adder bites you. You block the goblin's attack.
The goblin barely misses you. The adder misses you.
You completely miss the goblin. The adder closely misses you.
The goblin hits you but does no damage. The goblin closely misses you.
The adder barely misses you. The goblin hits you but does no damage.
The goblin barely misses you.
You closely miss the goblin. The adder barely misses you.
The goblin hits you but does no damage. The goblin hits you with a +0 club.
You block the adder's attack.
You sock the goblin!
You kill the goblin!
The adder bites you but does no damage. The goblin hits you but does no damage.
The adder attacks as it pursues you! The adder closely misses you.
The adder bites you but does no damage.
Things that are here:
a +0 club; a goblin corpse The goblin hits you but does no damage.
You closely miss the adder.
The adder is moderately wounded.
The adder bites you.
* * * LOW HITPOINT WARNING * * *
You block the goblin's attack. You block the adder's attack.
The goblin hits you with a +0 club.
* * * LOW HITPOINT WARNING * * *
You sock the adder!
You kill the adder!
The goblin hits you but does no damage. The endoplasm freezes you.
You are frozen.
* * * LOW HITPOINT WARNING * * *
You hit the endoplasm but do no damage. The goblin barely misses you.
The endoplasm hits you but does no damage.
You barely miss the endoplasm. The goblin hits you but does no damage.
The endoplasm freezes you.
You are frozen.
You die...

.#.# #.#.#
#.#.# #.#.# #
#.#.# ##
#.#J## .##
#.#.## #.##
##g#J# .#.##
##.#@##
#.#.##
##.#.##
##.#.##
##.#.##
##.#.##
##.#.##
##.#.###.#.##
##.#.#.#.##
##.#.#.##
##.#.## ## ##


You could see an endoplasm and a goblin.

Vanquished Creatures
  An adder (D:2)
  A ribbon worm (D:2)
  A dart slug (D:1)
  3 bats (D:1)
  7 endoplasms
  A giant cockroach (D:1)
  4 goblins
  A hobgoblin (D:1)
  2 quokkas (D:1)
  3 ball pythons (D:1)
  3 kobolds (D:1)
  2 rats (D:1)
29 creatures vanquished.

Notes
Turn   | Place    | Note
-------+----------+-------------------------------------------
     0 | D:1      | Dittersdorf the Gargoyle Fighter began the quest for the
                  | Orb.
     0 | D:1      | Reached XP level 1. HP: 14/14 MP: 1/1
   258 | D:1      | Reached XP level 2. HP: 19/19 MP: 2/2
   655 | D:1      | Reached XP level 3. HP: 16/23 MP: 3/3
  1023 | D:2      | Frozen to death by an endoplasm

Illustrated notes

Levels and vault maps discovered:
D:1:      dpeg_arrival_water_temple_mockup, layout_loops_ring, serial_forest,
          infiniplex_forest_lined_room_2, infiniplex_forest_pool,
          infiniplex_forest_straight_1, infiniplex_forest_straight_2,
          infiniplex_forest_clump_tiny, infiniplex_forest_lined_2
D:2:      minmay_inner_zag, layout_basic, grunt_ministairs_6,
          lightli_corner_chamber

Action                     || total
---------------------------++-------
  Melee: Flail             ||   103
    Use: Scroll            ||     4
 Armour: Scale mail        ||    89
  Dodge: Dodged            ||    56
  Block: Buckler           ||    27

Table legend: (Time is in decaauts)
 A = Elapsed time spent in this place.
 B = Non-inter-level travel time spent in this place.
 C = Inter-level travel time spent in this place.
 D = Time resting spent in this place.
 E = Time spent auto-exploring this place.
 F = Levels seen in this place.
 G = Mean time per level.
                   A        B        C        D        E       F      G
               +--------+--------+--------+--------+--------+-----+--------+
         Total |   1055 |   1020 |     35 |      0 |    793 |   2 |  527.5 |
       Dungeon |   1055 |   1020 |     35 |      0 |    793 |   2 |  527.5 |
               +--------+--------+--------+--------+--------+-----+--------+

Top non-repeatable levels by time:
     D:1: 946 daAuts
     D:2: 108 daAuts
